 Dungeon Crawl Stone Soup version 0.30-a0-591-g3c58d2bc28 (webtiles) character file.

Game seed: 4738203580133637821

144 MacCMillion the Digger (level 5, -3/28 HPs)
             Began as a Gargoyle Earth Elementalist on Jan 6, 2023.
             Slain by Terence
             ... wielding a +0 mace
              (6 damage)
             ... on level 3 of the Dungeon.
             The game lasted 00:06:12 (1967 turns).

MacCMillion the Digger (GrEE)                       Turns: 1967, Time: 00:06:12

Health: -3/28      AC:  6    Str: 12    XL:     5   Next: 26%
Magic:  3/8        EV: 11    Int: 17    God:
Gold:   121        SH:  0    Dex: 10    Spells: 4/8 levels left

rFire   . . .      SeeInvis .    j - +0 sling
rCold   . . .      Faith    .    (no shield)
rNeg    + . .      Spirit   .    a - +0 robe
rPois   ∞          Reflect  .    (no helmet)
rElec   +          Harm     .    (no cloak)
rCorr   .          Rampage  .    (no gloves)
Will    .....                    (no boots)
Stlth   ++                       (no amulet)
HPRegen 0.24/turn                (no ring)
MPRegen 0.11/turn                (no ring)

@: no status effects
A: sickness immunity, AC +4, negative energy resistance 1, electricity
resistance, torment resistance 1, petrification resistance
a: no special abilities


You were on level 3 of the Dungeon.
You visited 1 branch of the dungeon, and saw 3 of its levels.

You collected 121 gold pieces.

Inventory:

Hand Weapons
 c - a +0 dagger
 j - a +0 sling (weapon)
 m - a +0 dagger of venom
Armour
 a - a +0 robe (worn)
 n - +0 shadow dragon scales
Wands
 q - a wand of mindburst (10)
Scrolls
 e - 4 scrolls of teleportation {unknown}
 h - a scroll of vulnerability {unknown}
 i - 2 scrolls of noise {unknown}
 k - 2 scrolls of identify {unknown}
 l - a scroll of blinking {unknown}
 p - a scroll of immolation {unknown}
 r - a scroll of amnesia {unknown}
Potions
 b - a potion of magic
 d - 4 potions of resistance {unknown}
 f - 2 potions of lignification {unknown}
 g - a potion of invisibility {unknown}
 o - a potion of curing {unknown}
 s - a potion of berserk rage {unknown}


   Skills:
 - Level 1.5 Dodging
 - Level 2.2 Stealth
 + Level 2.4 Spellcasting
 + Level 1.3 Conjurations
 - Level 1.0 Transmutations
 + Level 6.3 Earth Magic


You had 4 spell levels left.
You knew the following spells:

 Your Spells              Type           Power      Damage    Failure   Level
a - Sandblast             Erth           46%        2d11      1%          1
b - Stone Arrow           Conj/Erth      30%        3d8       12%         3

Your spell library contained the following spells:

 Spells                   Type           Power      Damage    Failure   Level
 Passwall                 Tmut/Erth      11%        N/A       6%          2
 Petrify                  Tmut/Erth      14%        N/A       38%         4


Dungeon Overview and Level Annotations

Branches:
Dungeon (3/15)

Altars:
Hepliaklqana

Shops:
D:2 [

Annotations:
D:3 Terence


Innate Abilities, Weirdness & Mutations

You are immune to sickness and miasma.
Your stone body is resilient. (AC +4)
You are immune to poison.
You resist negative energy. (rN+)
You are resistant to electric shocks. (rElec)
You are resistant to unholy torment.
You are immune to petrification.


Message History

You start resting.
HP restored.
Your +0 dagger of venom stops dripping with poison.
j - a +0 sling (weapon)
You see here a scorpion corpse.
A bat comes into view.
You shoot a sling bullet.
The sling bullet closely misses the bat.
You hear a shout!
The bat misses you. The bat hits you but does no damage.
The blast of sand hits the bat!
You kill the bat!
Terence the Incautious comes into view.
He is wielding a +0 mace.
Terence shouts, "Now you die!"
There is a stone staircase leading down here.
The blast of sand hits Terence but does no damage.
The blast of sand hits Terence but does no damage.
Terence completely misses you. Terence hits you with a +0 mace.
The blast of sand hits Terence but does no damage.
Terence hits you with a +0 mace.
The blast of sand misses Terence.
Terence hits you with a +0 mace. Terence hits you with a +0 mace!
You are too injured to fight recklessly!
Unknown command.
You are too injured to fight recklessly!
You are too injured to fight recklessly!
You are too injured to fight recklessly!
Aiming: Sandblast (safe; 1% risk of failure)
Press: ? - help, Q - select action, (/) - cycle Shift-Dir - straight line, f/p - Terence
Aim: Terence, wielding a +0 mace and wearing a +0 chain mail (87% to hit)
The blast of sand hits Terence but does no damage.
Terence hits you with a +0 mace!
* * * LOW HITPOINT WARNING * * *
Unknown command.
Aiming: Sandblast (safe; 1% risk of failure)
Press: ? - help, Q - select action, (/) - cycle Shift-Dir - straight line, f/p - Terence
Aim: Terence, wielding a +0 mace and wearing a +0 chain mail (87% to hit)
The blast of sand hits Terence but does no damage.
Terence hits you but does no damage. Terence hits you with a +0 mace.
You die...

#..#.##.†# #.#.#.#.#
#........# .......
####.##### #.#.#
#.#### # ... ##....#
#.##†# #.#...# ###
#....# ##....#
##.######.#
##...#####.#†#####.#
#.....@@.>###@.....#
##...#####.#.#######
##.## ##.## ### ###


You could see Terence.

Vanquished Creatures
  A scorpion (D:3)
  3 adders
  A worm (D:2)
  2 dart slugs
  6 endoplasms
  3 giant cockroaches (D:1)
  4 goblins
  3 hobgoblins (D:1)
  6 kobolds
  6 quokkas
  3 ball pythons
  10 bats
  4 frilled lizards
  2 rats (D:1)
54 creatures vanquished.

Notes
Turn   | Place    | Note
-------+----------+-------------------------------------------
     0 | D:1      | MacCMillion the Gargoyle Earth Elementalist began the quest
                  | for the Orb.
     0 | D:1      | Reached XP level 1. HP: 10/10 MP: 3/3
    70 | D:1      | Reached skill level 1 in Transmutations
    87 | D:1      | Reached skill level 4 in Earth Magic
    87 | D:1      | Reached XP level 2. HP: 15/15 MP: 1/5
   869 | D:1      | Reached XP level 3. HP: 19/19 MP: 1/6
  1030 | D:1      | Reached skill level 5 in Earth Magic
  1185 | D:2      | Found a hazy altar of Hepliaklqana.
  1300 | D:2      | Found Micluiha's Antique Armour Emporium.
  1492 | D:2      | Reached XP level 4. HP: 24/24 MP: 3/7
  1744 | D:2      | Reached skill level 6 in Earth Magic
  1816 | D:2      | Learned a level 3 spell: Stone Arrow
  1893 | D:3      | Noticed a scorpion
  1897 | D:3      | Killed a scorpion
  1898 | D:3      | Reached skill level 1 in Conjurations
  1898 | D:3      | Reached XP level 5. HP: 20/28 MP: 8/8
  1947 | D:3      | Noticed Terence
  1967 | D:3      | Slain by Terence

Illustrated notes

Levels and vault maps discovered:
D:1:      nzn_arrival_water_spiral, layout_rooms
D:2:      layout_basic, serial_shops, nicolae_shop_behind_doors, basic_altar,
          minmay_misc_feat_room, serial_park_tiny_1,
          corexii_item_surrounded_by_moat, minmay_pentomino_q2
D:3:      layout_loops_cross, nicolae_kikubaaqudgha_miasma_corner,
          gammafunk_ghost_grave, serial_glass, glass_columns_c, glass_columns_a,
          uniq_grinder, uniq_terence

Skill      XL: |  1  2  3  4 |
---------------+-------------+-----
Transmutations | 1 |  1.0
Earth Magic    | 4 5 6 |  6.3
Conjurations   | 1 |  1.3
Dodging        | |  1.5
Stealth        | |  2.2
Spellcasting   | |  2.4

Action                   |  1- 3 |  4- 6 || total
-------------------------+-------+-------++-------
Melee: Dagger            |     4 |     3 ||     7
 Fire: Sling             |    18 |    20 ||    38
 Cast: Sandblast         |    42 |    19 ||    61
 Stab: Sleeping          |       |     1 ||     1
Armor: Robe              |     5 |     7 ||    12
Dodge: Dodged            |    11 |     4 ||    15

Table legend: (Time is in decaauts)
 A = Elapsed time spent in this place.
 B = Non-inter-level travel time spent in this place.
 C = Inter-level travel time spent in this place.
 D = Time resting spent in this place.
 E = Time spent auto-exploring this place.
 F = Levels seen in this place.
 G = Mean time per level.
                   A        B        C        D        E       F      G
               +--------+--------+--------+--------+--------+-----+--------+
         Total |   2009 |   1976 |     33 |    454 |   1133 |   3 |  669.7 |
       Dungeon |   2009 |   1976 |     33 |    454 |   1133 |   3 |  669.7 |
               +--------+--------+--------+--------+--------+-----+--------+

Top non-repeatable levels by time:
     D:1: 1196 daAuts
     D:2: 670 daAuts
     D:3: 142 daAuts
